 Dungeon Crawl Stone Soup version 0.30.1-9-gdf580d7c3d (webtiles) character file.

Game seed: 13678754365814251523

113 ChiefBigBeans the Trooper (level 4, 0/48 HPs)
             Began as a Troll Berserker on Sept 28, 2023.
             Was a Believer of Trog.
             Slain by a killer bee (7 damage)
             ... on level 4 of the Dungeon.
             The game lasted 00:04:35 (2175 turns).

ChiefBigBeans the Trooper (Troll Berserker)         Turns: 2175, Time: 00:04:36

Health: 0/48       AC:  4    Str: 33    XL:     4   Next: 65%
Magic:  3/3        EV: 10    Int:  3    God:    Trog [**....]
Gold:   186        SH:  0    Dex: 15    Spells: 3/3 levels left

rFire   . . .        i - +11 plutonium sword {Contam Stlth-}
rCold   . . .        (shield currently unavailable)
rNeg    . . .        a - +0 animal skin
rPois   .            (helmet restricted)
rElec   .            (no cloak)
rCorr   .            (gloves unavailable)
SInv    .            (boots unavailable)
Will    .....        h - amulet of faith Stlth
                     d - +6 ring of strength
HPRegen 1.08/turn    p - ring "Koruq" {Dex+6 Slay+4}
MPRegen 0.08/turn

%: faith
@: lethally poisoned (0 -> -5)
A: large, unfitting armour, claws 3, regeneration 1, shaggy fur 1, tough skin 1
a: Renounce Religion, Berserk, Trog's Hand


You were on level 4 of the Dungeon.
You worshipped Trog.
Trog was pleased with you.
You visited 1 branch of the dungeon, and saw 4 of its levels.

You collected 186 gold pieces.

Inventory:

Hand Weapons
 e - a +1 whip
 i - the +11 plutonium sword (weapon) {Contam Stlth-}
   (You found it on level 2 of the Dungeon)

   Contam:    It causes magical contamination when unequipped.
   Stlth:     It makes you less stealthy.
Armour
 a - a +0 animal skin (worn)
Jewellery
 d - a +6 ring of strength (left claw)
 h - an amulet of faith (around neck)
 j - a +6 ring of dexterity
 p - the ring "Koruq" (right claw) {Dex+6 Slay+4}
   (You found it on level 3 of the Dungeon)

   [ring of dexterity]

   Dex:       It affects your dexterity (+6).
   Slay:      It affects your accuracy & damage with ranged weapons and melee
   (+4).
Wands
 m - a wand of mindburst (13)
Scrolls
 b - 3 scrolls of identify
 c - 2 scrolls of vulnerability
 f - a scroll of fear
 n - 2 scrolls of acquirement {unknown}
 q - 2 scrolls of teleportation {unknown}
 s - a scroll of butterflies {unknown}
Potions
 g - a potion of mutation {unknown}
 k - 2 potions of curing {unknown}
 l - a potion of ambrosia {unknown}
 o - a potion of haste {unknown}
 r - a potion of attraction {unknown}
 t - a potion of berserk rage {unknown}


   Skills:
 + Level 3.8 Fighting
 * Level 1.6 Long Blades
 - Level 1.0 Maces & Flails
 - Level 2.4 Dodging
 - Level 3.0 Unarmed Combat


You had 3 spell levels left.
You didn't know any spells.
Your spell library contained the following spells:

 Spells                   Type           Power      Damage    Failure   Level
 Poisonous Vapours        Pois/Air       0%         N/A       67%         2
 Mephitic Cloud           Conj/Pois/Air  0%         N/A       88%         3
 Freezing Cloud           Conj/Ice/Air   0%         6-21      100%        5


Dungeon Overview and Level Annotations

Branches:
Dungeon (4/15)
 Temple: D:4-7

Altars:
Dithmenos
Sif Muna

Shops:
D:3 ?


Innate Abilities, Weirdness & Mutations

You are too large for most types of armour.
You have claws for hands.
Your natural rate of healing is unusually fast.
You are covered in fur. (AC +1)
You have tough skin. (AC +1)


Message History

There is a stone staircase leading down here.
You climb downwards.
The killer bee buzzes angrily. x4
Found a stone staircase leading down.
There is a stone staircase leading up here.
You slash the killer bee!
Mutagenic energy flows through the plutonium sword!
There is a strange surge of energy around the killer bee.
The killer bee twists and deforms.
The killer bee is almost dead.
The killer bee stings you. The killer bee barely misses you.
The killer bee stings you but does no damage.
The killer bee closely misses you. The killer bee barely misses you.
The killer bee closely misses you. The killer bee barely misses you.
The killer bee closely misses you.
You miss the killer bee.
The killer bee is almost dead.
The killer bee barely misses you. The killer bee stings you.
You are poisoned.
The killer bee poisons you! The killer bee stings you. x3
You slash the killer bee!
The killer bee is severely wounded.
You feel sick. The killer bee stings you!
You are more poisoned.
The killer bee poisons you! The killer bee barely misses you.
The killer bee stings you but does no damage.
The killer bee misses you. The killer bee closely misses you. x2
The killer bee barely misses you.
The killer bee stings you but does no damage.
The killer bee stings you.
You are more poisoned.
The killer bee poisons you!
The killer bee stings you but does no damage.
The killer bee closely misses you. The killer bee stings you.
You are too injured to fight recklessly!
You feel very sick. The killer bee stings you!
* * * LOW HITPOINT WARNING * * *
The killer bee stings you!
You die...

# ######.#
#>.####......
#...yyyy..#
#@# #y# #.#
... ###


You could see 5 killer bees.

Vanquished Creatures
  Jessica (D:3)
  2 gnolls (D:1)
  An adder (D:2)
  An ufetubus (D:3)
  A worm (D:3)
  2 dart slugs (D:1)
  2 orcs (D:3)
  3 endoplasms
  A giant cockroach (D:1)
  A goblin (D:1)
  6 hobgoblins
  5 kobolds
  2 quokkas (D:1)
  5 ball pythons
  7 bats
  2 frilled lizards (D:1)
  7 rats
49 creatures vanquished.

Notes
Turn   | Place    | Note
-------+----------+-------------------------------------------
     0 | D:1      | ChiefBigBeans the Troll Berserker began the quest for the
                  | Orb.
     0 | D:1      | Reached XP level 1. HP: 22/22 MP: 0/0
   101 | D:1      | Reached XP level 2. HP: 31/31 MP: 1/1
   244 | D:1      | Found a faded altar of an unknown god.
   337 | D:1      | Reached XP level 3. HP: 34/37 MP: 2/2
   769 | D:2      | Found the +11 plutonium sword {Contam Stlth-}
   785 | D:2      | Reached skill level 1 in Maces & Flails
  1119 | D:2      | Reached ** piety under Trog
  1335 | D:3      | Found a shadowy altar of Dithmenos.
  1396 | D:3      | Reached XP level 4. HP: 41/48 MP: 3/3
  1454 | D:3      | Reached skill level 1 in Long Blades
  1525 | D:3      | Noticed Jessica
  1534 | D:3      | Found a shimmering blue altar of Sif Muna.
  1545 | D:3      | Killed Jessica
  1585 | D:3      | Identified the ring "Koruq" {Dex+6 Slay+4}
  1706 | D:3      | Found Uchol's Magic Scroll Shop.
  2175 | D:4      | Slain by a killer bee

Illustrated notes

Levels and vault maps discovered:
D:1:      evilmike_arrival_hilbert_curve, layout_basic, serial_forest,
          infiniplex_forest_clump_tiny, infiniplex_forest_straight_5,
          infiniplex_forest_clump_double, infiniplex_forest_clump_large,
          ebering_ecumenical_altar_petrified, minmay_tetromino_l2
D:2:      layout_loops_cross
D:3:      layout_basic, tgw_sif, grunt_dithmenos_smoke_and_mirrors,
          serial_shops, nicolae_shop_window_shopping, kennysheep_generic_room_5
D:4:      layout_loops_ring, uniq_robin, uniq_duvessa

Skill      XL: |  1  2  3  4 |
---------------+-------------+-----
Fighting       | 3 |  3.8
Maces & Flails | 1 |  1.0
Long Blades    | 1 |  1.6
Dodging        | |  2.4
Unarmed Combat | |  3.0

Action                     |  1- 3 |  4- 6 || total
---------------------------+-------+-------++-------
  Melee: Unarmed           |    64 |       ||    64
         Triple sword      |    26 |    24 ||    50
  Evoke: Wand              |       |     2 ||     2
    Use: Scroll            |     3 |       ||     3
 Armour: Animal skin       |    50 |    13 ||    63
  Dodge: Dodged            |    73 |    24 ||    97
